 Dungeon Crawl Stone Soup version 0.30-a0-845-g7c6808c8ce (webtiles) character file.

Game seed: 311386640139016086

363 Duck the Nimble (level 6, -3/33 HPs)
             Began as a Felid Berserker on Mar 2, 2023.
             Was a Priest of Trog.
             Slain by a boulder beetle (36 damage)
             ... on level 6 of the Dungeon.
             The game lasted 00:09:58 (4978 turns).

Duck the Nimble (Felid Berserker)                   Turns: 4978, Time: 00:09:58

Health: -3/33      AC:  2    Str: 21    XL:     6   Next: 39%
Magic:  5/5        EV: 23    Int:  8    God:    Trog [***...]
Gold:   152        SH:  0    Dex: 16    Spells: 5/5 levels left
                                        Lives:  0   Deaths: 2

rFire   . . .      SeeInvis +      - Unarmed
rCold   . . .      Faith    .    (shield unavailable)
rNeg    . . .      Spirit   .    (body armour unavailable)
rPois   .          Reflect  .    (helmet unavailable)
rElec   .          Rampage  .    (cloak unavailable)
rCorr   .                        (gloves unavailable)
Will    +....                    (boots unavailable)
Stlth   +                        (no amulet)
HPRegen 0.25/turn                g - +6 ring of strength
MPRegen 0.09/turn                (no ring)

@: on berserk cooldown, slowed, studying Dodging, slow
A: very small, claws 1, fangs 3, see invisible, speed 1, shaggy fur 2, stealthy
paws, no weapons or thrown items, no armour, multi-lived, low MP 2,
strong-willed 1, robust 1
a: Renounce Religion, Berserk, Trog's Hand


You were on level 6 of the Dungeon.
You worshipped Trog.
Trog was most pleased with you.
You visited 1 branch of the dungeon, and saw 6 of its levels.

You collected 152 gold pieces.

Inventory:

Jewellery
 g - a +6 ring of strength (left paw)
 n - a +5 ring of evasion
Wands
 m - a wand of roots (4)
 q - a wand of paralysis (10)
Scrolls
 a - 2 scrolls of torment
 d - 2 scrolls of teleportation
 i - a scroll of magic mapping
 j - 3 scrolls of butterflies
 k - 2 scrolls of enchant armour
 o - a scroll of vulnerability {unknown}
Potions
 b - a potion of heal wounds
 c - 3 potions of lignification {unknown}
 e - 3 potions of might {unknown}
 f - a potion of ambrosia {unknown}
 h - 2 potions of berserk rage {unknown}
 l - a potion of cancellation {unknown}
 p - a potion of degeneration {unknown}


   Skills:
 + Level 5.2 Fighting
 * Level 10.3 Dodging
 * Level 6.8 Unarmed Combat


You had 5 spell levels left.
You didn't know any spells.
Your spell library was empty.

Dungeon Overview and Level Annotations

Branches:
Dungeon (6/15)
 Temple: D:4-7

Altars:
Elyvilon
Hepliaklqana
Trog
Uskayaw
Zin


Innate Abilities, Weirdness & Mutations

You have sharp claws.
You have razor-sharp teeth.
You have supernaturally acute eyesight. (SInv)
You cover ground quickly. (Speed+)
You are covered in thick fur. (AC +2)
Your paws help you pounce on unaware monsters.
You are incapable of wielding weapons or throwing items.
You cannot wear armour.
You gain extra lives every three experience levels.
Your magical capacity is very low. (-20% MP)
You are strong-willed. (Will+)
You are robust. (+10% HP)


Message History

You see here the felid corpse of Duck.
Found 11 gold pieces.
A shadow imp comes into view.
The shadow imp shouts, "Scamper away, thou goatish ditch-delivered scavenger!"
The shadow imp misses you.
You claw the shadow imp!
The shadow imp is heavily wounded.
The shadow imp completely misses you.
You claw the shadow imp!
You kill the shadow imp!
Trog accepts your kill.
Welcome back to level 6!
You now have 152 gold pieces (gained 11).
A sky beast comes into view.
A red film seems to cover your vision as you go berserk!
You feel yourself moving faster!
You feel mighty! The sky beast completely misses you.
You mangle the sky beast!!
The sky beast is severely wounded.
The sky beast completely misses you.
You mangle the sky beast!!
You kill the sky beast!
Trog accepts your kill.
You start waiting.
You feel a strong urge to attack something.
You start waiting.
You feel your anger nearly subside.
You are no longer berserk.
You are exhausted.
You feel yourself slow down.
A sky beast comes into view.
A sky beast is nearby!
A sky beast is nearby!
Found a leather armour.
You start waiting.
A boulder beetle is nearby!
A boulder beetle is nearby!
The boulder beetle curls into a ball and begins rolling!
The boulder beetle hits you!!!
Ouch! That really hurt!
You die...

###...°†...#....
#.............#
......#..°....###
#...#####....## #...
#°..## .# ##. ##°...##
#.# # ##○.....## #.##
# #B.......#####..#
#...#@.........##...##
#..............<#...#.
##..........###.......
#.........## ##......
#........## ##....#
#..###....# ##..## ..#
##..## ###...## ..#
##.. #......# ##.
#....###..


You could see a boulder beetle (rolling).

Vanquished Creatures
  A sky beast (D:6)
  A black bear (D:4)
  An ogre (D:5)
  A bullfrog (D:6)
  3 scorpions
  2 howler monkeys (D:3)
  A jelly (D:4)
  2 hounds (D:5)
  2 iguanas (D:5)
  Natasha (twice) (D:4)
  7 gnolls
  7 adders
  3 shadow imps
  A white imp (D:5)
  An ufetubus (D:5)
  3 worms
  5 dart slugs
  3 orcs (D:4)
  6 endoplasms
  3 giant cockroaches (D:2)
  4 goblins
  6 hobgoblins
  4 quokkas
  11 ball pythons
  3 bats
  6 frilled lizards
  12 kobolds
  6 rats
107 creatures vanquished.

Notes
Turn   | Place    | Note
-------+----------+-------------------------------------------
     0 | D:1      | Duck the Felid Berserker began the quest for the Orb.
     0 | D:1      | Reached XP level 1. HP: 10/10 MP: 2/2
   239 | D:1      | Reached XP level 2. HP: 12/14 MP: 3/3
   869 | D:2      | Found a faded altar of an unknown god.
   905 | D:2      | Reached XP level 3. HP: 17/17 MP: 4/4
  1006 | D:2      | Reached ** piety under Trog
  1457 | D:2      | Found a bloodstained altar of Trog.
  1684 | D:3      | Reached XP level 4. HP: 21/21 MP: 5/5
  1714 | D:3      | Reached skill level 5 in Dodging
  1954 | D:3      | Reached XP level 5. HP: 21/25 MP: 6/6
  2394 | D:3      | Identified a scroll of acquirement
  2394 | D:3      | Acquired a manual of Dodging
  2400 | D:3      | Gained mutation: Your magical capacity is low. (-10% MP)
                  | [potion of mutation]
  2400 | D:3      | Gained mutation: Your magical capacity is very low. (-20%
                  | MP) [potion of mutation]
  2400 | D:3      | Gained mutation: You are strong-willed. (Will+) [potion of
                  | mutation]
  2400 | D:3      | Gained mutation: You are robust. (+10% HP) [potion of
                  | mutation]
  2507 | D:3      | Reached skill level 5 in Unarmed Combat
  2741 | D:4      | Reached skill level 6 in Dodging
  2837 | D:4      | Gained mutation: You are covered in thick fur. (AC +2)
                  | [Felid growth]
  2837 | D:4      | Reached XP level 6. HP: 11/30 MP: 5/5
  3066 | D:4      | Noticed Natasha
  3073 | D:4      | Killed Natasha
  3185 | D:4      | Reached *** piety under Trog
  3186 | D:4      | Reached skill level 7 in Dodging
  3371 | D:4      | Found a white marble altar of Elyvilon.
  3493 | D:4      | Noticed Natasha
  3497 | D:4      | Killed Natasha
  3759 | D:5      | Entered Level 5 of the Dungeon
  3801 | D:5      | Reached skill level 8 in Dodging
  3801 | D:5      | Reached XP level 7. HP: 36/36 MP: 6/6
  3884 | D:5      | Found a hazy altar of Hepliaklqana.
  4136 | D:5      | Found a hide-covered altar of Uskayaw.
  4480 | D:5      | Reached skill level 9 in Dodging
  4498 | D:5      | Reached skill level 5 in Fighting
  4515 | D:5      | Found a glowing silver altar of Zin.
  4715 | D:6      | Noticed a boulder beetle
  4738 | D:6      | Mangled by a boulder beetle
  4739 | D:6      | Reached XP level 6. HP: -8/33 MP: 5/5
  4858 | D:6      | Reached skill level 10 in Dodging
  4918 | D:6      | Slain by a boulder beetle
  4919 | D:6      | Reached XP level 5. HP: -2/28 MP: 5/5
  4930 | D:6      | Reached XP level 6. HP: 33/33 MP: 5/5
  4934 | D:6      | Noticed a sky beast
  4942 | D:6      | Killed a sky beast
  4946 | D:6      | Noticed a sky beast
  4978 | D:6      | Slain by a boulder beetle

Illustrated notes

Levels and vault maps discovered:
D:1:      spicycebolla_arrival_risky_transporter, layout_basic, fountainhead,
          minmay_splitting_lines
D:2:      layout_loops_ring, ebering_ecumenical_altar_abandoned, basic_altar
D:3:      minmay_evil_eye, layout_loops_ring
D:4:      layout_basic, elyvilon_altar_3, st_stairs_9,
          chequers_serial_rivers_micro_d, kennysheep_small_spiral,
          hangedman_feature_mirror, grunt_ministairs_1, uniq_natasha
D:5:      layout_gridville, zin_academy, eat_drink_and_be_merry_uskayaw,
          nicolae_hepliaklqana_hazy_memory
D:6:      layout_layer_cave, general_overflow_altar,
          lemuel_coloured_pillars_altar, minmay_temple_entry_ruins,
          uniq_blork_the_orc, uniq_maggie

Skill      XL: |  1  2  3  4  5  6  7 |
---------------+----------------------+-----
Unarmed Combat | 4 5 6 |  6.8
Dodging        | 5 6 10 9 | 10.3
Fighting       | 4 5 |  5.2

Action                     |  1- 3 |  4- 6 |  7- 9 || total
---------------------------+-------+-------+-------++-------
  Melee: Unarmed           |   112 |   143 |    51 ||   306
         Bite              |    10 |    17 |     6 ||    33
         Punch             |     2 |     6 |     4 ||    12
 Invoke: Berserk           |       |     5 |     2 ||     7
         Trog's Hand       |       |     2 |     1 ||     3
    Use: Scroll            |       |    12 |       ||    12
         Potion            |       |     1 |       ||     1
   Stab: Sleeping          |     2 |     3 |       ||     5
 Armour: Skin              |     2 |     2 |       ||     4
  Dodge: Dodged            |    80 |    95 |    43 ||   218

Table legend: (Time is in decaauts)
 A = Elapsed time spent in this place.
 B = Non-inter-level travel time spent in this place.
 C = Inter-level travel time spent in this place.
 D = Time resting spent in this place.
 E = Time spent auto-exploring this place.
 F = Levels seen in this place.
 G = Mean time per level.
                   A        B        C        D        E       F      G
               +--------+--------+--------+--------+--------+-----+--------+
         Total |   4352 |   4266 |     86 |   1009 |   2505 |   6 |  725.3 |
       Dungeon |   4352 |   4266 |     86 |   1009 |   2505 |   6 |  725.3 |
               +--------+--------+--------+--------+--------+-----+--------+

Top non-repeatable levels by time:
     D:3: 950 daAuts
     D:4: 908 daAuts
     D:5: 841 daAuts
     D:1: 721 daAuts
     D:2: 670 daAuts
     D:6: 259 daAuts
